 Dungeon Crawl Stone Soup version 0.32-a0-468-g38b2580584 (webtiles) character file.

Game seed: 2118236699372135793

44 ezpacito the Trooper (level 3, -1/29 HPs)
             Began as a Demonspawn Chaos Knight on Feb 25, 2024.
             Was a Plaything of Xom.
             Slain by a cerulean imp
             ... wielding a +1 spear
             ... summoned by Natasha
              (3 damage)
             ... on level 2 of the Dungeon.
             The game lasted 00:01:04 (886 turns).

ezpacito the Trooper (Demonspawn Chaos Knight)       Turns: 886, Time: 00:01:04

Health: -1/29      AC:  6    Str: 14    XL:     3   Next: 39%
Magic:  3/3        EV: 11    Int: 12    God:    Xom [......]
Gold:   24         SH:  0    Dex: 12    Spells: 2/2 levels left

rFire   . . .        a - +0 hand axe (chaos)
rCold   . . .        (no shield)
rNeg    . . .        b - +2 leather armour
rPois   .            (no helmet)
rElec   .            f - +0 cloak
rCorr   .            (no gloves)
SInv    .            (no boots)
Will    .....        (no amulet)
Stlth   +            (no ring)
HPRegen 0.24/turn    (no ring)
MPRegen 0.08/turn

%: no passive effects
@: no status effects
A: powered by pain 2
a: Renounce Religion


You were on level 2 of the Dungeon.
You worshipped Xom.
You were a very special plaything of Xom.
You visited 1 branch of the dungeon, and saw 2 of its levels.

You collected 42 gold pieces.
You spent 18 gold pieces at shops.

Inventory:

Hand Weapons
 a - a +0 hand axe of chaos (weapon)
Missiles
 h - 2 poisoned darts (quivered)
Armour
 b - a +2 leather armour (worn)
 f - a +0 cloak (worn)
Scrolls
 c - a scroll of butterflies
 d - a scroll of torment {unknown}
 i - a scroll of amnesia {unknown}
 k - a scroll of noise {unknown}
Potions
 g - a potion of might {unknown}
 j - a potion of degeneration {unknown}
 l - a potion of brilliance {unknown}


   Skills:
 * Level 3.1 Fighting
 * Level 3.1 Axes
 + Level 0.3(1.9) Polearms
 * Level 2.1 Armour
 * Level 1.3 Dodging
 + Level 0.5 Stealth
 * Level 0.6 Unarmed Combat
 * Level 0.4 Spellcasting


You had 2 spell levels left.
You didn't know any spells.
Your spell library was empty.

Dungeon Overview and Level Annotations

Branches:
Dungeon (2/15)

Altars:

Shops:
D:2 *

Annotations:
D:2 Jessica, Natasha


Innate Abilities, Weirdness & Mutations

You sometimes gain power by taking damage.


Message History

The adder bites you but does no damage.
The cerulean imp hits you from afar with a +2 spear.
The cerulean imp closely misses you.
You hit the adder. You burn the adder.
The adder is severely wounded.
You feel sick. The adder bites you but does no damage.
Jessica casts a spell.
Jessica blinks!
The cerulean imp barely misses you.
The cerulean imp hits you from afar with a +1 spear.
Natasha claws you but does no damage.
You feel much better.
You feel sick. The adder closely misses you.
The cerulean imp hits you from afar with a +1 spear.
The cerulean imp closely misses you.
The cerulean imp hits you but does no damage.
Natasha claws you but does no damage. The adder closely misses you.
You closely miss the adder.
The adder is severely wounded.
You closely miss Natasha.
You feel sick.
You are no longer poisoned.
The cerulean imp hits you from afar with a +1 spear.
The cerulean imp hits you from afar with a +2 spear.
The adder barely misses you. The cerulean imp barely misses you.
Natasha claws you.
You hit the adder but do no damage.
The adder is severely wounded.
You hit Natasha.
Natasha suddenly seems more resistant.
Xom thinks this is hilarious!
The adder bites you but does no damage.
The cerulean imp hits you from afar with a +1 spear.
The cerulean imp hits you from afar with a +2 spear.
The cerulean imp completely misses you. Natasha claws you. The adder bites you.
* * * LOW HITPOINT WARNING * * *
You hit the adder.
You kill the adder!
You hit Natasha.
Natasha looks weaker.
The cerulean imp barely misses you.
The cerulean imp hits you from afar with a +2 spear.
* * * LOW HITPOINT WARNING * * *
The cerulean imp hits you from afar with a +1 spear.
You die...
Xom bursts into laughter!

#.................(.
#...........).....#
#...........†#....
##....∩...†.## .#
#####.##....##
##..#..#<.#
#.......#.#
#.###...#.# ###@#
#...#.. #.h†#
#...)......
#..555###.#####...
#.......#### ..
#=...@..# #.
#.......# ##>..?.##
#...... !....§..


You could see Natasha (resistant, weak), 3 cerulean imps and Jessica.

Vanquished Creatures
  2 adders (D:2)
  A dart slug (D:1)
  2 ball pythons (D:1)
  3 endoplasms (D:1)
  3 giant cockroaches
  4 goblins
  5 hobgoblins (D:1)
  A quokka (D:1)
  A bat (D:1)
  2 frilled lizards
  3 kobolds
  3 rats (D:1)
30 creatures vanquished.

Vanquished Creatures (collateral kills)
  A hobgoblin (D:1)
1 creature vanquished.

Grand Total: 31 creatures vanquished

Notes
Turn   | Place    | Note
-------+----------+-------------------------------------------
     0 | D:1      | ezpacito the Demonspawn Chaos Knight began the quest for
                  | the Orb.
     0 | D:1      | Reached XP level 1. HP: 18/18 MP: 1/1
   110 | D:1      | Found a faded altar of an unknown god.
   119 | D:1      | Reached skill level 1 in Dodging
   119 | D:1      | Gained mutation: You sometimes gain a little power by
                  | taking damage. [demonic ancestry]
   119 | D:1      | Reached XP level 2. HP: 24/24 MP: 2/2
   235 | D:1      | XOM: silly message
   670 | D:1      | XOM: summons 4 hostile shadow creatures
   701 | D:1      | Gained mutation: You sometimes gain power by taking damage.
                  | [demonic ancestry]
   701 | D:1      | Reached XP level 3. HP: 26/29 MP: 3/3
   827 | D:2      | Found Icikoss's Assorted Antiques.
   847 | D:2      | Bought a scroll labelled CUASARA JYPSO for 18 gold pieces
   874 | D:2      | Noticed Natasha
   875 | D:2      | Noticed Jessica
   886 | D:2      | Slain by a cerulean imp

Illustrated notes

Levels and vault maps discovered:
D:1:      dpeg_arrival_boxes_within_box, layout_loops_ring,
          dreamdust_ecumenical_altar_statues, st_stairs_14
D:2:      layout_rooms, serial_shops, shop, uniq_natasha, uniq_jessica

Skill      XL: |  1  2 |
---------------+-------+-----
Dodging        | 1 |  1.3
Axes           | 3 |  3.1
Armour         | 2 |  2.1
Fighting       | |  3.1
Polearms       | |  0.3
Stealth        | |  0.5
Unarmed Combat | |  0.6
Spellcasting   | |  0.4

Action                     || total
---------------------------++-------
  Melee: Hand axe          ||    76
    Use: Potion            ||     2
 Armour: Leather armour    ||    56
  Dodge: Dodged            ||    65

Table legend: (Time is in decaauts)
 A = Elapsed time spent in this place.
 B = Non-inter-level travel time spent in this place.
 C = Inter-level travel time spent in this place.
 D = Time resting spent in this place.
 E = Time spent auto-exploring this place.
 F = Levels seen in this place.
 G = Mean time per level.
                   A        B        C        D        E       F      G
               +--------+--------+--------+--------+--------+-----+--------+
         Total |    897 |    877 |     20 |      0 |    688 |   2 |  448.5 |
       Dungeon |    897 |    877 |     20 |      0 |    688 |   2 |  448.5 |
               +--------+--------+--------+--------+--------+-----+--------+

Top non-repeatable levels by time:
     D:1: 834 daAuts
     D:2: 62 daAuts
